 Dungeon Crawl Stone Soup version 0.20.0-10-g0535bb4 (webtiles) character file.

17424 Gorglomux the Grappler (level 12, -7/178 HPs)
             Began as a Troll Venom Mage on June 4, 2017.
             Was an Elder of Ru.
             Mangled by a cyclops (20 damage)
             ... on level 11 of the Dungeon.
             The game lasted 00:22:13 (11376 turns).

Gorglomux the Grappler (Troll Venom Mage)          Turns: 11376, Time: 00:22:14

Health: -7/178     AC: 26    Str: 19    XL:     12   Next: 18%
Magic:  8/12       EV:  1    Int:  9    God:    Ru [****..]
Gold:   854        SH:  0    Dex: 12    Spells: 12/13 levels left

rFire    . . .     SeeInvis +     - Unarmed
rCold    . . .     Gourm    +   (no shield)
rNeg     + + +     Faith    +   (armour currently unavailable)
rPois    +         Spirit   .   (helmet currently unavailable)
rElec    .         Reflect  .   (cloak currently unavailable)
rCorr    +         Harm     .   (gloves unavailable)
MR       .....     NoTele   +   (boots unavailable)
Stlth    ++........             E - amulet of faith
Regen    0.8/turn               s - ring of see invisible
MPRegen  0.2/turn               g - ring of resist corrosion

@: exhausted, tree-form
A: unfitting armour, clumsy 1, dopey 1, fast metabolism 3, gourmand,
regeneration 1, hated by all, inability to train dodging
a: Draw Out Power, Power Leap, Renounce Religion


You were on level 11 of the Dungeon.
You worshipped Ru.
Ru was greatly pleased with you.
You were completely stuffed.
You were a tree.
You visited 2 branches of the dungeon, and saw 12 of its levels.
You also visited: Sewer.

You collected 854 gold pieces.

Inventory:

Missiles
 Y - 5 large rocks (quivered)
 Z - a throwing net
Armour
 a - a +2 robe
 w - a +2 robe of fire resistance (melded)
Jewellery
 g - a ring of resist corrosion (right branch)
 s - a ring of see invisible (left branch)
 v - an uncursed amulet of rage
 y - a +5 amulet of reflection
 C - a +3 ring of strength {unknown}
 E - an amulet of faith (around neck)
Wands
 I - a wand of iceblast (7/15)
 K - a wand of iceblast (5/15)
 L - a wand of lightning (9/15)
Scrolls
 p - a scroll of fear
 q - 4 scrolls of remove curse
 u - 2 scrolls of recharging
 x - a scroll of enchant weapon {unknown}
 A - 2 scrolls of vulnerability {unknown}
 B - a scroll of blinking
 F - 4 scrolls of fog
 G - 2 scrolls of amnesia {unknown}
 J - 2 scrolls of immolation {unknown}
 N - a scroll of summoning {unknown}
 O - 2 scrolls of enchant armour
 R - a scroll of identify
 T - 8 scrolls of teleportation
Potions
 j - 5 potions of mutation {!q}
 r - a potion of haste
 t - a potion of ambrosia {unknown}
 M - 2 potions of resistance
 Q - 5 potions of curing
 S - 2 potions of lignification
 U - 2 potions of brilliance {unknown}
 V - a potion of agility
 X - a potion of might {unknown}
Books
 b - a Young Poisoner's Handbook

   Spells                             Type                      Level
   a - Sting                          Conjuration/Poison           1
   b - Poisonous Vapours              Poison/Air                   2
   c - Mephitic Cloud                 Conjuration/Poison/Air       3
   d - Olgreb's Toxic Radiance        Poison                       4
   e - Venom Bolt                     Conjuration/Poison           5
 D - a book of Flames

   Spells                             Type                      Level
   a - Flame Tongue                   Conjuration/Fire             1
   b - Throw Flame                    Conjuration/Fire             2
   c - Conjure Flame                  Conjuration/Fire             3
   d - Inner Flame                    Hexes/Fire                   3
   e - Sticky Flame                   Conjuration/Fire             4
   f - Fireball                       Conjuration/Fire             5
 P - a book of Minor Magic

   Spells                             Type                      Level
   a - Magic Dart                     Conjuration                  1
   b - Blink                          Translocation                2
   c - Call Imp                       Summoning                    2
   d - Slow                           Hexes                        2
   e - Conjure Flame                  Conjuration/Fire             3
   f - Mephitic Cloud                 Conjuration/Poison/Air       3
 W - a book of Battle

   Spells                             Type                      Level
   a - Infusion                       Charms                       1
   b - Shroud of Golubria             Charms/Translocation         2
   c - Song of Slaying                Charms                       2
   d - Spectral Weapon                Hexes/Charms                 3
   e - Regeneration                   Charms/Necromancy            3
Comestibles
 c - 9 bread rations
 z - 5 meat rations
 H - a royal jelly


   Skills:
 + Level 7.9 Fighting
 + Level 7.7 Armour
   Level 0.0 Dodging
 - Level 1.0 Stealth
 + Level 14.6 Unarmed Combat
 - Level 1.2 Spellcasting
 - Level 0.6 Conjurations
 - Level 2.1 Poison Magic


You had 12 spell levels left.
You knew the following spells:

 Your Spells              Type           Power        Failure   Level  Hunger
a - Sting                 Conj/Pois      #...         21%         1    ##.....


Dungeon Overview and Level Annotations

Branches:
Dungeon (11/15)            Temple (1/1) D:4            Lair (0/6) D:10
    Orc: D:9-12

Altars:
Cheibriados
Elyvilon
Fedhas
Gozag
Kikubaaqudgha
Makhleb
Nemelex Xobeh
Okawaru
Ru
Sif Muna
Vehumet
Xom
Zin
The Shining One

Shops:
D:6 ?


Innate Abilities, Weirdness & Mutations

You are too large for most types of armour.
((You have claws for hands.))
You are clumsy. (Dex -2)
You are dopey. (Int -2)
Your metabolism is lightning-fast.
You like to eat raw meat.
Your natural rate of healing is unusually fast.
((You are covered in fur. (AC +1)))
((You have very tough skin. (AC +2)))
You are hated by all.
You cannot train Dodging skill.
((Your system is resistant to poisons. (rPois)))


Message History

You are too injured to fight recklessly!
Unknown command.
You are too injured to fight recklessly!
You are too injured to fight recklessly!
You are too injured to fight recklessly!
You are too injured to fight recklessly!
You are too injured to fight recklessly!
Aiming: Power Leap
Press: ? - help, Dir - move target cursor You hear a shout!
The cyclops hits you!!
* * * LOW HITPOINT WARNING * * *
The yak snorts and paws the ground.
It was a potion of lignification.
You turn into a tree.
Your +2 robe of fire resistance melds into your body.
You feel less resistant to fire.
Your roots penetrate the ground.
The yak gores you.
* * * LOW HITPOINT WARNING * * *
You feel better. The cyclops hits you!!
You die...

...Y..†.Y...# .Y.Y..Y.....#
..... ...#######..# ......#
. #..# ......# #..# ......#
.. #..#####......#
...#######.............###
............Y..............
...........♣YY.YY...........
..........C######?<.........
..........# #...........
..........# #.......####
#.......# ##......#...
#.......# #......#...
#.......# #......#...
#####.......# #......#...
............# #......####


You could see a cyclops and 5 yaks.

Vanquished Creatures
  Josephine (D:11)
  Erica (D:8)
  6 death yaks
  3 two-headed ogres
  2 ugly things
  2 gargoyles
  2 trolls
  A hippogriff (D:9)
  A hornet (D:8)
  5 wraiths (D:11)
  A shadow (D:11)
  Eustachio (D:6)
  A wyvern (D:8)
  16 yaks
  A basilisk (D:7)
  A hungry ghost (D:8)
  Menkaure (D:5)
  Duvessa (D:5)
  An acid dragon (D:11)
  3 phantoms
  A sky beast (D:9)
  5 orc warriors
  7 ice beasts
  2 ogres
  3 centaurs
  A crocodile (D:10)
  A big kobold (D:11)
  10 bullfrogs
  4 scorpions
  Dowan (D:5)
  5 killer bees (D:10)
  8 crimson imps
  A bullfrog zombie (D:8)
  2 centaur zombies
  2 quasits
  4 hounds
  4 orc priests
  7 orc wizards
  A bullfrog skeleton (D:7)
  A centaur skeleton (D:11)
  5 iguanas
  5 worker ants
  A hound zombie (D:11)
  2 hound skeletons
  2 worker ant zombies
  Robin (D:2)
  6 gnolls
  7 adders
  4 shadow imps
  An ooze (D:2)
  2 worms
  2 dart slugs
  7 leopard geckos
  31 orcs
  3 ball pythons (Sewer)
  15 giant cockroaches
  14 goblins
  6 hobgoblins
  2 jackals (D:4)
  4 quokkas
  7 bats
  6 frilled lizards
  15 kobolds
  A leopard gecko skeleton (D:5)
  2 quokka skeletons
  A quokka zombie (D:8)
  11 rats
284 creatures vanquished.

Notes
Turn   | Place    | Note
-------+----------+-------------------------------------------
     0 | D:1      | Gorglomux the Troll Venom Mage began the quest for the Orb.
     0 | D:1      | Reached XP level 1. HP: 16/16 MP: 1/1
    58 | D:2      | Reached skill level 1 in Unarmed Combat
    58 | D:2      | Reached XP level 2. HP: 16/24 MP: 2/2
    68 | D:2      | Found a sparkling altar of Nemelex Xobeh.
    75 | D:2      | Reached skill level 2 in Unarmed Combat
    97 | D:3      | Found a sacrificial altar of Ru.
   114 | D:3      | Became a worshipper of Ru the Awakened
   121 | D:3      | Reached skill level 3 in Unarmed Combat
   121 | D:3      | Reached XP level 3. HP: 25/31 MP: 3/3
   156 | D:4      | Reached XP level 4. HP: 31/39 MP: 4/4
   561 | D:1      | Reached skill level 4 in Unarmed Combat
  1061 | D:2      | Found a radiant altar of Vehumet.
  1073 | D:2      | Found an ancient bone altar of Kikubaaqudgha.
  1120 | D:2      | Found a blossoming altar of Fedhas.
  1303 | D:2      | Noticed Robin
  1310 | D:2      | Killed Robin
  1362 | D:2      | Reached XP level 5. HP: 44/45 MP: 0/5
  1486 | D:2      | Reached skill level 5 in Unarmed Combat
  2221 | D:3      | Found an iron altar of Okawaru.
  2538 | D:3      | Gained mutation: You are hated by all. [Ru sacrifice]
  2538 | D:3      | Reached * piety under Ru
  2783 | D:4      | Reached skill level 6 in Unarmed Combat
  2783 | D:4      | Reached XP level 6. HP: 46/53 MP: 6/6
  3028 | D:4      | Found a staircase to the Ecumenical Temple.
  3057 | Temple   | Entered the Ecumenical Temple
  3265 | D:4      | Reached skill level 7 in Unarmed Combat
  3456 | D:5      | Entered Level 5 of the Dungeon
  3635 | D:5      | Reached XP level 7. HP: 59/59 MP: 7/7
  3978 | D:5      | Reached skill level 8 in Unarmed Combat
  4347 | D:5      | Noticed Menkaure
  4349 | D:5      | Noticed Dowan
  4351 | D:5      | Noticed Duvessa
  4355 | D:5      | Killed Menkaure
  4366 | D:5      | Gained mutation: You are agile. (Dex +2) [potion of mutation]
  4366 | D:5      | Gained mutation: Your system is resistant to poisons. (rPois) [potion of mutation]
  4375 | D:5      | Killed Dowan
  4380 | D:5      | Killed Duvessa
  4380 | D:5      | Reached skill level 9 in Unarmed Combat
  4468 | D:5      | Gained mutation: You are dopey. (Int -2) [Ru sacrifice]
  4468 | D:5      | Reached ** piety under Ru
  4584 | D:6      | Noticed Eustachio
  4597 | D:6      | Killed Eustachio
  4597 | D:6      | Reached XP level 8. HP: 44/67 MP: 8/8
  4742 | D:6      | Reached skill level 10 in Unarmed Combat
  4929 | D:6      | Found a glowing golden altar of the Shining One.
  5062 | D:6      | Found a glowing drain.
  5083 | Sewer    | Entered a sewer
  5691 | D:6      | Found Vyuqeom's Magic Scroll Boutique.
  5783 | D:7      | Reached skill level 11 in Unarmed Combat
  5924 | D:7      | Reached XP level 9. HP: 57/74 MP: 9/9
  6087 | D:7      | Reached skill level 12 in Unarmed Combat
  6119 | D:7      | Found a white marble altar of Elyvilon.
  6215 | D:7      | Found an opulent altar of Gozag.
  6257 | D:7      | Gained mutation: You cannot train Dodging skill. [Ru sacrifice]
  6257 | D:7      | Reached *** piety under Ru
  6575 | D:8      | Reached skill level 1 in Fighting
  6575 | D:8      | Reached skill level 1 in Armour
  6593 | D:8      | Noticed Erica
  6612 | D:8      | Found a shimmering altar of Xom.
  6963 | D:8      | Found a glowing silver altar of Zin.
  6964 | D:8      | Noticed an angel
  7034 | D:8      | Reached skill level 3 in Fighting
  7194 | D:8      | Killed Erica
  7194 | D:8      | Reached skill level 3 in Armour
  7194 | D:8      | Reached XP level 10. HP: 79/92 MP: 10/10
  7535 | D:9      | Reached skill level 13 in Unarmed Combat
  7708 | D:9      | Noticed a gargoyle
  7713 | D:9      | Killed a gargoyle
  7748 | D:9      | Found a shimmering altar of Xom.
  7749 | D:9      | Found a burning altar of Makhleb.
  7759 | D:9      | Noticed a two-headed ogre
  7762 | D:9      | Killed a two-headed ogre
  8140 | D:10     | Entered Level 10 of the Dungeon
  8184 | D:10     | Noticed a two-headed ogre
  8193 | D:10     | Killed a two-headed ogre
  8311 | D:10     | Reached XP level 11. HP: 104/104 MP: 11/11
  8641 | D:10     | Lost mutation: You are agile. (Dex +2) [Ru sacrifice]
  8641 | D:10     | Gained mutation: You are clumsy. (Dex -2) [Ru sacrifice]
  8641 | D:10     | Reached **** piety under Ru
  8749 | D:10     | Noticed a death yak
  8750 | D:10     | Noticed a death yak
  8750 | D:10     | Noticed a death yak
  8750 | D:10     | Noticed a death yak
  8751 | D:10     | Found a staircase to the Lair.
  8751 | D:10     | Noticed a death yak
  8752 | D:10     | Noticed a death yak
  8814 | D:9      | Killed a death yak
  8822 | D:10     | Reached skill level 6 in Fighting
  8845 | D:10     | Killed a death yak
  8845 | D:10     | Reached skill level 6 in Armour
  9810 | D:9      | Killed a death yak
  9972 | D:9      | Killed a death yak
  9972 | D:9      | Reached skill level 14 in Unarmed Combat
 10079 | D:10     | Killed a death yak
 10256 | D:10     | Killed a death yak
 10319 | D:11     | Noticed a red ugly thing
 10767 | D:11     | Noticed a two-headed ogre
 10775 | D:11     | Killed a two-headed ogre
 10866 | D:11     | Noticed a cyan ugly thing
 11092 | D:11     | Noticed Josephine
 11103 | D:11     | Killed Josephine
 11103 | D:11     | Reached XP level 12. HP: 107/118 MP: 6/12
 11374 | D:11     | HP: 3/119 [cyclops (27)]
 11376 | D:11     | Mangled by a cyclops

Skill      XL: |  1  2  3  4  5  6  7  8  9 10 11 |
---------------+----------------------------------+-----
Unarmed Combat | 1 3 4 6 7 9 11 12 13 14 | 14.6
Dodging        | 0 |  0.0
Fighting       | 3 5 7 |  7.9
Armour         | 3 5 7 |  7.7
Stealth        | |  1.0
Spellcasting   | |  1.2
Conjurations   | |  0.6
Poison Magic   | |  2.1

Action                   |  1- 3 |  4- 6 |  7- 9 | 10-12 || total
-------------------------+-------+-------+-------+-------++-------
Melee: Unarmed           |    35 |   332 |   314 |   430 ||  1111
       Punch             |       |     7 |    13 |    34 ||    54
Throw: Large rock        |       |     1 |       |       ||     1
 Cast: Sting             |       |     7 |       |       ||     7
Invok: Sacrifice Love    |       |     1 |       |       ||     1
       Sacrifice Purity  |       |       |     1 |     1 ||     2
       Sacrifice Nimblen |       |       |     1 |       ||     1
       Power Leap        |       |       |       |    14 ||    14
  Use: Scroll            |       |     5 |     6 |       ||    11
       Potion            |       |       |     8 |     2 ||    10
 Stab: Sleeping          |     2 |     2 |     1 |       ||     5
       Paralysed         |     1 |       |       |       ||     1
       Invisible         |       |       |     4 |     9 ||    13
       Distracted        |       |       |       |     1 ||     1
  Eat: Chunk             |     3 |    35 |    37 |    39 ||   114
       Meat ration       |       |       |       |     1 ||     1
       Royal jelly       |       |       |       |     1 ||     1
Armor: Robe              |    17 |   135 |    83 |    92 ||   327
Dodge: Dodged            |    11 |   192 |   113 |   121 ||   437
Block: Other             |       |       |       |     1 ||     1
